AoeStats
← lo

Golden Pit

509599298Analyzed
1v1 RM · 6d ago on Sep 27, 2026· 49m 57s· 2 players
Game mode
Random Map
Map size
Tiny (2 player)
Population
200
Speed
Normal
Resources
Standard
Victory
Conquest
Starting age
Dark Age
Ending age
Imperial Age
RankedLock teamsTeams togetherTeam positionsShared explorationLock speedFull tech treeHidden civsTurbo modeCheats
Victory
Defeat
🇸🇰 Mongols · Slovakia
703
+17
🇧🇾 Franks · Belarus
727
-17
Nervacek
6:29 Loom
7:31 Loom
10:17 Feudal Age
11:50 Double-Bit Axe
12:07 Man-at-Arms
12:51 Gold Mining
13:31 Arson
13:39 Arson
20:18 Horse Collar
22:22 Fletching
22:32 Padded Archer Armor
25:24 Castle Age
26:39 Leather Archer Armor
26:20 Bodkin Arrow
28:18 Bow Saw
30:58 Heavy Plow
31:37 Wheelbarrow
32:41 Bloodlines
32:34 Husbandry
37:46 Pikeman
49:44 Imperial Age
lo
10:56 Feudal Age
14:10 Double-Bit Axe
24:32 Scale Barding Armor
25:52 Forging
30:38 Castle Age
31:31 Wheelbarrow
30:43 Light Cavalry
33:42 Iron Casting
34:15 Chain Barding Armor
35:09 Husbandry
36:57 Fletching
40:10 Hand Cart
40:31 Pikeman
41:11 Squires
41:25 Bodkin Arrow
48:21 Gold Mining
Connection lost

Rejoining the realm…

Still unreachable

The connection could not be restored.

Session expired

The server has moved on; the page needs a fresh start.